Map: Abyssal Reef LE

Players

Railgan - Winner!

  • Race: Zerg Zerg
  • League: Grandmaster
  • Spawn Location: 11:00

lIlIIlIlIIll

  • Race: Zerg Zerg
  • League: Master
  • Spawn Location: 5:00

VOD

Have the link to the VOD?

Description

Time

  • Played on: March 23, 2017, 6:01 p.m.
  • Length: 11:00
Show
View Real Time Build Order
Export as new Build Order

Railgan Zerg - Winner!

Build Orders: Pool First 

Get SALT Encoding   

  12  0:02  Drone  
  13  0:12  Overlord  
  13  0:17  Drone  
  14  0:30  Drone x2  
  14  0:35  Drone  
  17  0:47  Spawning Pool  
  17  0:49  Drone  
  17  0:56  Drone  
  18  1:13  Hatchery  
  18  1:14  Extractor  
  18  1:18  Drone  
  17  1:20  Drone  
  18  1:28  Drone  
  19  1:33  Queen  
  19  1:39  Overlord  
  21  1:50  Zergling x2  
  22  2:01  Drone  
  23  2:09  Queen  
  23  2:11  Drone  
  23  2:14  Metabolic Boost  
  26  2:21  Drone  
  27  2:25  Queen  
  27  2:26  Drone  
  30  2:33  Drone  
  31  2:38  Zergling x2  
  31  2:43  Baneling Nest, Zergling x6  
  34  2:51  Overlord  
  33  2:52  Zergling x2  
  33  2:58  Zergling x4  
  36  3:12  Zergling x4  
  38  3:32  Zergling x10  
  35  3:36  Zergling x2  
  35  3:37  Zergling x4  
  36  3:42  Zergling x2  
  36  3:43  Zergling x2  
  36  3:44  Zergling x2  
  38  3:50  Baneling  
  38  3:51  Baneling  
  38  3:54  Zergling x2  
  32  3:58  Zergling x2  
  26  4:12  Zergling x10  
  26  4:13  Queen  
  26  4:16  Baneling x2  
  31  4:31  Baneling x2  
  30  4:42  Zergling x10  
  32  4:46  Drone  
  32  4:47  Drone  
  32  4:50  Drone x3  
  34  4:54  Drone  
  35  5:01  Drone  
  35  5:06  Drone x2  
  35  5:07  Drone  
  39  5:12  Lair  
  39  5:17  Baneling  
  39  5:18  Baneling, Drone  
  39  5:26  Drone x3  
  40  5:30  Drone x2  
  40  5:35  Overlord  
  42  5:36  Drone  
  43  5:46  Drone  
  43  5:48  Drone  
  44  5:53  Overlord  
  44  5:55  Drone  
  45  6:01  Extractor x2, Drone x6  
  49  6:05  Extractor  
  49  6:06  Overlord  
  48  6:14  Spire  
  48  6:16  Drone x2  
  49  6:19  Drone  
  50  6:25  Drone x2  
  50  6:29  Drone  
  50  6:30  Drone  
  50  6:31  Drone x2  
  55  6:42  Overlord  
  55  6:48  Hatchery  
  54  6:58  Zergling x6  
  54  6:59  Zergling x6  
  60  7:06  Hydralisk Den  
  59  7:11  Overlord  
  59  7:36  Mutalisk x6  
  69  7:40  Mutalisk  
  66  7:46  Drone  
  66  7:47  Drone x5  
  70  8:01  Mutalisk  
  70  8:05  Extractor  
  70  8:07  Extractor  
  70  8:08  Drone x4  
  70  8:09  Queen  
  75  8:14  Zerg Flyer Armor Level 1  
  75  8:17  Drone x3  
  75  8:19  Zergling x2  
  82  8:20  Zergling x6  
  82  8:22  Mutalisk x2  
  82  8:26  Zergling x2  
  87  8:28  Hatchery  
  87  8:33  Zergling x6  
  89  8:42  Mutalisk  
  89  8:44  Zergling x2  
  87  8:54  Drone, Mutalisk  
  88  8:57  Overlord x2  
  88  8:59  Overlord  
  88  9:03  Overlord  
  88  9:12  Overlord  
  88  9:13  Drone x2  
  88  9:25  Mutalisk  
  88  9:26  Mutalisk x6  
  100  9:31  Baneling  
  100  9:34  Zergling x8  
  104  9:43  Mutalisk x2  
  107  9:48  Zergling x10  
  107  9:49  Drone x2  
  107  9:51  Mutalisk  
  116  9:58  Drone  
  116  9:59  Drone x2  
  119  10:00  Drone  
  119  10:05  Baneling x2  
  120  10:07  Drone  
  120  10:08  Drone x3  
  120  10:10  Overlord  
  124  10:15  Extractor x2  
  124  10:20  Overlord x2  
  116  10:30  Mutalisk  
  116  10:31  Mutalisk x4  
  110  10:41  Drone x4  
  110  10:42  Drone x2  
  118  10:45  Spore Crawler  
Show
View Real Time Build Order
Export as new Build Order

lIlIIlIlIIll Zerg 

Build Orders: Hatch First, Zergling Baneling 

Get SALT Encoding   

  12  0:02  Drone  
  13  0:13  Overlord  
  13  0:17  Drone  
  14  0:31  Drone x2  
  14  0:35  Drone  
  17  0:52  Hatchery  
  17  0:55  Drone  
  17  0:56  Extractor  
  16  1:11  Spawning Pool  
  15  1:14  Drone  
  17  1:18  Drone  
  17  1:26  Drone  
  17  1:31  Drone  
  19  1:43  Overlord  
  19  1:57  Metabolic Boost, Queen  
  21  2:04  Queen  
  23  2:08  Zergling x2  
  23  2:11  Zergling x2  
  25  2:19  Baneling Nest  
  25  2:22  Zergling x2  
  25  2:26  Zergling x2  
  26  2:32  Zergling x4  
  28  2:37  Zergling x2  
  28  2:38  Zergling x2  
  30  2:48  Zergling x6  
  33  2:56  Overlord  
  33  3:04  Zergling x2  
  33  3:05  Baneling x3  
  34  3:10  Zergling x2  
  35  3:17  Zergling x4  
  35  3:18  Zergling x2  
  38  3:24  Zergling x2  
  34  3:35  Baneling x3  
  34  3:36  Zergling x2  
  34  3:37  Zergling x4  
  36  3:45  Zergling x4  
  35  3:52  Zergling x4  
  35  3:58  Zergling x2  
  36  4:06  Drone  
  36  4:07  Drone  
  35  4:12  Drone x2  
  35  4:16  Drone x2  
  39  4:18  Baneling  
  39  4:19  Baneling  
  39  4:23  Drone  
  40  4:28  Drone  
  40  4:32  Drone  
  40  4:38  Drone  
  36  4:46  Drone x3  
  37  4:54  Zergling x8  
  37  4:55  Zergling x2  
  40  5:02  Zergling x2  
  40  5:05  Spine Crawler  
  40  5:06  Zergling x4  
  42  5:11  Queen  
  42  5:13  Baneling x2  
  42  5:28  Drone  
  42  5:29  Overlord  
  42  5:30  Overlord  
  43  5:35  Roach Warren  
  42  5:43  Drone  
  42  5:46  Overlord  
  42  5:48  Drone x5  
  47  5:59  Drone x7  
  47  6:01  Drone  
  47  6:04  Extractor x2  
  54  6:07  Lair  
  53  6:12  Extractor  
  52  6:22  Overlord  
  52  6:28  Hatchery  
  51  6:33  Overlord  
  51  6:36  Drone  
  51  6:37  Drone x6  
  58  6:40  Drone  
  58  6:43  Drone  
  60  6:54  Overlord  
  60  6:56  Drone x2  
  60  6:57  Drone  
  60  7:00  Overlord  
  63  7:07  Overlord  
  63  7:08  Spire  
  62  7:11  Drone x2  
  62  7:12  Drone  
  65  7:19  Extractor  
  65  7:20  Zergling x4  
  65  7:22  Extractor  
  65  7:23  Zergling x6  
  65  7:27  Zergling x2  
  69  7:31  Zergling x2  
  69  7:32  Zergling x4  
  72  7:37  Zergling x4  
  72  7:42  Drone  
  72  7:44  Spore Crawler  
  72  7:47  Spore Crawler  
  68  7:51  Overlord  
  66  8:07  Overlord  
  65  8:15  Drone x3  
  65  8:17  Evolution Chamber, Overlord  
  65  8:18  Queen  
  69  8:22  Zerg Flyer Weapons Level 1  
  69  8:24  Mutalisk x4  
  77  8:31  Mutalisk  
  77  8:36  Drone x2  
  79  8:48  Mutalisk x3  
  76  8:50  Drone  
  79  8:58  Queen  
  79  8:59  Mutalisk  
  79  9:02  Zerg Melee Weapons Level 1  
  82  9:06  Mutalisk x2  
  85  9:13  Mutalisk x2  
  89  9:18  Mutalisk  
  89  9:20  Mutalisk  
  88  9:27  Mutalisk x2  
  92  9:32  Mutalisk x2  
  92  9:35  Mutalisk  
  98  9:43  Mutalisk  
  98  9:44  Mutalisk  
  99  9:49  Mutalisk  
  99  9:51  Mutalisk  
  103  10:02  Mutalisk x2  
  103  10:04  Spore Crawler  
  106  10:07  Overlord  
  106  10:20  Overlord  
  104  10:27  Mutalisk x3  
  106  10:30  Zergling x6  
  87  10:44  Drone  
  87  10:45  Drone  
Tags
 
Add a new tag
Caveats
  • Supply blocks, unpowered buildings, or Contaminate may cause inaccurate times.
  • Supply counts are checked every 10 seconds.